 Dungeon Crawl Stone Soup version 0.30-a0-799-g109b55a442 (webtiles) character file.

Game seed: 6144297072924558533

24006 Newt the Markskobold (level 13, -5/73 HPs)
             Began as a Kobold Hunter on Feb 20, 2023.
             Was a High Priest of Hepliaklqana.
             Slain by a wolf (6 damage)
             ... on level 1 of the Lair of Beasts.
             The game lasted 00:17:29 (14230 turns).

Newt the Markskobold (Kobold Hunter)               Turns: 14230, Time: 00:17:30

Health: -5/73      AC: 16    Str:  4    XL:     13   Next: 39%
Magic:  0/19       EV:  9    Int: 11    God:    Hepliaklqana [*****.]
Gold:   279        SH:  0    Dex: 23    Spells: 12/12 levels left

rFire   + + .      SeeInvis +    a - +4 shortbow (elec)
rCold   . . .      Faith    .    (shield currently unavailable)
rNeg    . . .      Spirit   +    K - +1 fire dragon scales of Depression {rElec rF++ rC- Regen+ Str-4 SInv Stlth+}
rPois   .          Reflect  .    B - +1 helmet
rElec   +          Harm     .    L - +1 cloak of Daugesar {Rampage}
rCorr   +          Rampage  +    (no gloves)
Will    .....                    (no boots)
Stlth   +++                      g - amulet of guardian spirit
HPRegen 1.12/turn                k - ring of resist corrosion
MPRegen 0.16/turn                s - ring of protection from cold

@: no status effects
A: reduced essence, small, no large weapons, nightstalker 3
a: Renounce Religion, Recall Ancestor, Ancestor Identity, Transference, Idealise


You were on level 1 of the Lair of Beasts.
You worshipped Hepliaklqana.
Hepliaklqana was extremely pleased with you.
You visited 2 branches of the dungeon, and saw 13 of its levels.

You collected 2438 gold pieces.
You spent 2159 gold pieces at shops.

Inventory:

Hand Weapons
 a - a +4 shortbow of electrocution (weapon)
 S - a +1 shortbow of freezing
Missiles
 F - a throwing net
Armour
 c - a +0 leather armour
 z - +0 steam dragon scales
 B - a +1 helmet (worn)
 E - a +0 troll leather armour
 K - the +1 fire dragon scales of Depression (worn) {rElec rF++ rC- Regen+ Str-4 SInv Stlth+}
   (You bought it in a shop on level 1 of the Dungeon)

   Str:       It affects your strength (-4).
   rF:        It greatly protects you from fire.
   rC:        It makes you vulnerable to cold.
   rElec:     It insulates you from electricity.
   SInv:      It lets you see invisible.
   Regen:     It increases your rate of health regeneration.
   Stlth:     It makes you more stealthy.
 L - the +1 cloak of Daugesar (worn) {Rampage}
   (You bought it in a shop on level 1 of the Dungeon)

   Rampage:   It bestows one free step when moving towards enemies.
Jewellery
 g - an amulet of guardian spirit (around neck)
 k - a ring of resist corrosion (left hand)
 s - a ring of protection from cold (right hand)
 u - a +6 ring of intelligence
 A - a ring of positive energy
 H - an amulet of faith
Wands
 l - a wand of mindburst (21)
 m - a wand of flame (37)
 x - a wand of polymorph (19)
 M - a wand of digging (9)
 N - a wand of light (5)
 O - a wand of charming (5)
Scrolls
 b - 4 scrolls of immolation
 d - 2 scrolls of enchant armour
 q - a scroll of fear
 y - a scroll of fog
 C - 2 scrolls of silence
 G - 4 scrolls of teleportation
 I - 2 scrolls of identify
 J - a scroll of poison
 P - a scroll of magic mapping
 Q - a scroll of amnesia
Potions
 e - 3 potions of haste
 f - 2 potions of mutation
 h - 8 potions of lignification
 i - 2 potions of curing
 j - a potion of flight
 n - 5 potions of brilliance
 o - a potion of resistance
 p - a potion of attraction
 r - 2 potions of degeneration
 t - a potion of heal wounds
 w - 2 potions of magic
 D - 2 potions of berserk rage
Miscellaneous
 v - a condenser vane
 R - a piece from Xom's chessboard (15/15)
 T - a box of beasts


   Skills:
 - Level 10.0 Fighting
 - Level 18.0 Ranged Weapons
 + Level 7.4 Armour
 - Level 10.0 Dodging
 - Level 1.3 Stealth
 - Level 8.0 Invocations
 - Level 5.0 Evocations


You had 12 spell levels left.
You didn't know any spells.
Your spell library contained the following spells:

 Spells                   Type           Power      Damage    Failure   Level
 Freeze                   Ice            0%         1d3       100%        1
 Kiss of Death            Conj/Necr      0%         2d5       100%        1
 Sublimation of Blood     Necr           0%         N/A       100%        2
 Confusing Touch          Hex            0%         N/A       100%        3
 Frozen Ramparts          Ice            0%         1d1       100%        3
 Hailstorm                Conj/Ice       0%         3d3       100%        3
 Dispel Undead            Necr           0%         3d6       100%        4
 Ice Form                 Ice/Tmut       0%         N/A       100%        4
 Leda's Liquefaction      Hex/Erth       0%         N/A       100%        4
 Petrify                  Tmut/Erth      0%         N/A       100%        4
 Summon Ice Beast         Ice/Summ       0%         N/A       100%        4
 Irradiate                Conj/Tmut      0%         3d11      100%        5
 Lee's Rapid Deconstruct  Erth           0%         3d4*      100%        5
 Simulacrum               Ice/Necr       0%         N/A       100%        6
 Statue Form              Tmut/Erth      0%         N/A       100%        6
 Malign Gateway           Summ/Tloc      0%         N/A       100%        7
 Summon Hydra             Summ           0%         N/A       100%        7
 Summon Horrible Things   Summ           0%         N/A       100%        8
 Polar Vortex             Ice            0%         N/A       100%        9


Dungeon Overview and Level Annotations

Branches:
Dungeon (12/15)            Temple (0/1) D:6            Lair (1/5) D:10
    Orc (0/2) D:12

Altars:
Ashenzari
Cheibriados
Hepliaklqana
Kikubaaqudgha
Nemelex Xobeh
Ru
Trog
Wu Jian
Xom
Yredelemnul
The Shining One

Shops:
D:1 [(([   D:10 (   D:12 (

Annotations:
D:8 1 runed translucent door


Innate Abilities, Weirdness & Mutations

Your life essence is reduced to manifest your ancestor. (-10% HP)
You are small and have problems with some larger weapons.
You are completely attuned to the shadows.


Message History

The wolf bites you but does no damage. x2
You shoot an arrow. The arrow hits the wolf.
Lightning courses through the wolf!
The wolf is severely wounded.
You feel sick.
The wolf splashes around in the water.
The wolf bites you but does no damage. The cane toad stings you!
The wolf bites you but does no damage. The wolf closely misses you.
The cane toad stings you.
You shoot an arrow. The arrow hits the wolf.
The wolf is severely wounded.
You feel sick.
A nearby plant withers and dies.
The wolf bites you but does no damage. x2; The wolf bites you.
* * * LOW HITPOINT WARNING * * *
The wolf bites you.
* * * LOW HITPOINT WARNING * * *
The cane toad barely misses you. The wolf barely misses you.
You shoot an arrow. The arrow hits the wolf!
You kill the wolf!
You feel sick.
You are no longer poisoned.
The wolf splashes around in the water.
The cane toad closely misses you. The wolf bites you but does no damage.
The bullfrog hits you but does no damage.
The cane toad stings you!
* * * LOW HITPOINT WARNING * * *
You are lethally poisoned!
The cane toad poisons you!
The wolf splashes around in the water.
You shoot an arrow. The arrow hits the cane toad!
Lightning courses through the cane toad!
The cane toad is severely wounded.
* * * LOW HITPOINT WARNING * * *
You feel very sick. The bullfrog barely misses you. The wolf barely misses you.
The cane toad closely misses you.
The bullfrog hits you but does no damage.
The wolf splashes around in the water.
You feel better. The bullfrog barely misses you. The cane toad stings you!
* * * LOW HITPOINT WARNING * * *
The wolf bites you.
You die...

################## ###
.................##~P♣#
<................#PP≈~♣#.
........#.####...h~~~~♣P###.
†...............@F~~P~P♣...
#...............#F....~♣.###
............................
P......................†...~
.........).................♣
.........###.........#.##†~
.......... ............. ♣~
........## .......##


You could see a cane toad, a wolf and a bullfrog.

Vanquished Creatures
  A rakshasa (D:10)
  2 boulder beetles
  A centaur warrior (D:10)
  3 two-headed ogres
  A tengu warrior (D:10)
  Nergalle (D:11)
  A swamp dragon (D:10)
  An orc knight (D:11)
  2 deep elf pyromancers
  An ugly thing (D:10)
  A cyclops (D:10)
  A gargoyle (D:10)
  A kobold demonologist (D:11)
  A komodo dragon (D:10)
  2 trolls (D:10)
  3 blink frogs
  A hornet (D:9)
  A slime creature (D:10)
  A shadow (D:10)
  2 wraiths
  16 yaks
  A wyvern (D:9)
  A steam dragon (D:7)
  4 vampire mosquitoes
  Edmund (D:6)
  2 acid dragons (D:10)
  3 water moccasins
  An ice beast (D:8)
  8 orc warriors
  An ogre (D:11)
  4 centaurs
  3 wolves (Lair:1)
  A phantom (D:4)
  3 kobold brigands
  5 bullfrogs
  2 necrophages (D:5)
  A gnoll sergeant (D:12)
  6 scorpions
  14 wights
  A killer bee (D:8)
  4 howler monkeys
  3 gnoll boudas
  2 hounds
  2 jellies
  10 orc priests
  Jessica (D:3)
  Ijyb (D:3)
  4 iguanas
  13 orc wizards
  8 adders
  17 gnolls
  A shadow imp (D:5)
  A white imp (D:7)
  An ufetubus (D:5)
  4 worms
  3 dart slugs (D:4)
  70 orcs
  3 bats
  12 endoplasms
  10 giant cockroaches
  4 goblins
  13 hobgoblins
  7 jackals
  13 kobolds
  5 quokkas
  14 ball pythons
  4 frilled lizards
  8 rats
  A spectral orc (D:9)
345 creatures vanquished.

Vanquished Creatures (collateral kills)
  Erolcha (D:11)
  Erica (D:8)
  A two-headed ogre (D:11)
  A cyclops (D:12)
  A kobold demonologist (D:11)
  2 trolls
  A shadow (D:12)
  4 yaks
  An acid dragon (D:8)
  3 orc warriors
  2 ogres
  A wolf (Lair:1)
  3 kobold brigands
  A bullfrog (D:6)
  A scorpion (D:8)
  A wight (D:10)
  A killer bee (D:8)
  A howler monkey (D:12)
  An electric eel (Lair:1)
  Crazy Yiuf (D:6)
  An iguana (D:6)
  3 orc wizards
  A gnoll (D:7)
  A shadow imp (D:7)
  13 orcs
  2 giant cockroaches (D:8)
  A hobgoblin (D:11)
  4 kobolds
55 creatures vanquished.

Vanquished Creatures (others)
  3 knights
  5 ancestors
  13 plants
21 creatures vanquished.

Grand Total: 421 creatures vanquished

Notes
Turn   | Place    | Note
-------+----------+-------------------------------------------
     0 | D:1      | Newt the Kobold Hunter began the quest for the Orb.
     0 | D:1      | Reached XP level 1. HP: 12/12 MP: 1/1
    42 | D:1      | Found Roluk's Weapon Shop.
   104 | D:1      | Found Fifommun's Antique Weapon Boutique.
   124 | D:1      | Found Yphit's Antique Armour Emporium.
   128 | D:1      | Reached XP level 2. HP: 18/18 MP: 2/2
   189 | D:1      | Found Zavan's Antique Armour Emporium.
   328 | D:1      | Reached XP level 3. HP: 19/23 MP: 3/3
   918 | D:2      | Reached XP level 4. HP: 25/30 MP: 4/4
  1111 | D:2      | Found a shimmering altar of Xom.
  1395 | D:2      | Got Puloov's Parchment of the Unified Iceberg
  1400 | D:2      | Reached skill level 5 in Fighting
  1462 | D:2      | Reached XP level 5. HP: 24/35 MP: 5/5
  1470 | D:2      | Reached skill level 6 in Ranged Weapons
  1879 | D:2      | Reached skill level 7 in Ranged Weapons
  1879 | D:2      | Reached XP level 6. HP: 29/40 MP: 6/6
  2575 | D:3      | Noticed Ijyb
  2579 | D:3      | Killed Ijyb
  2787 | D:2      | Reached skill level 8 in Ranged Weapons
  3259 | D:3      | Noticed Jessica
  3261 | D:3      | Killed Jessica
  3262 | D:3      | Reached XP level 7. HP: 37/44 MP: 7/7
  3680 | D:4      | Reached skill level 9 in Ranged Weapons
  3681 | D:4      | Identified a scroll of acquirement
  3685 | D:4      | Acquired 1161 gold pieces
  4208 | D:4      | Identified the +3 dagger of the Healing Gods {flame, *Noise
                  | Fly rN++ rCorr}
  4355 | D:4      | Found a faded altar of an unknown god.
  4360 | D:4      | Found an ancient bone altar of Kikubaaqudgha.
  4362 | D:4      | Found a broken altar of Ashenzari.
  4363 | D:4      | Found a sparkling altar of Nemelex Xobeh.
  4393 | D:4      | Found a sacrificial altar of Ru.
  4523 | D:4      | Found a hazy altar of Hepliaklqana.
  4656 | D:4      | Became a worshipper of Hepliaklqana the Forgotten
  4674 | D:5      | Entered Level 5 of the Dungeon
  4792 | D:5      | Reached skill level 5 in Dodging
  4906 | D:5      | Reached XP level 8. HP: 49/49 MP: 8/8
  5180 | D:5      | Reached * piety under Hepliaklqana
  5673 | D:6      | Reached skill level 5 in Evocations
  6014 | D:6      | Noticed Edmund
  6020 | D:6      | Killed Edmund
  6047 | D:6      | Found a staircase to the Ecumenical Temple.
  6060 | D:6      | Reached XP level 9. HP: 51/51 MP: 9/9
  6105 | D:6      | Found a runed translucent door.
  6108 | D:6      | Noticed Crazy Yiuf
  6114 | D:6      | Killed Crazy Yiuf
  6178 | D:7      | Reached ** piety under Hepliaklqana
  6427 | D:7      | Found a glowing golden altar of the Shining One.
  6523 | D:7      | Reached skill level 10 in Ranged Weapons
  6662 | D:7      | Found a bloodstained altar of Trog.
  6837 | D:8      | Noticed Erica
  6943 | D:7      | Reached skill level 11 in Ranged Weapons
  7177 | D:8      | Found an ornate altar of the Wu Jian Council.
  7188 | D:8      | Reached skill level 12 in Ranged Weapons
  7239 | D:8      | Found a runed translucent door.
  7336 | D:8      | Killed Erica
  7337 | D:8      | Reached XP level 10. HP: 36/57 MP: 6/10
  7340 | D:8      | Found a runed translucent door.
  7444 | D:8      | Identified the +4 falchion "Ipeodor" {flame, rC+}
  7749 | D:8      | Found a snail-covered altar of Cheibriados.
  7911 | D:8      | Reached *** piety under Hepliaklqana
  8094 | D:8      | Reached skill level 5 in Armour
  8219 | D:9      | Found a basalt altar of Yredelemnul.
  8395 | D:9      | Noticed a two-headed ogre
  8401 | D:9      | Killed a two-headed ogre
  8402 | D:9      | Reached skill level 13 in Ranged Weapons
  8697 | D:9      | Reached skill level 14 in Ranged Weapons
  8757 | D:9      | Reached XP level 11. HP: 52/61 MP: 8/11
  8763 | D:9      | Reached skill level 15 in Ranged Weapons
  9078 | D:9      | Noticed a deep elf pyromancer
  9082 | D:9      | Killed a deep elf pyromancer
  9083 | D:9      | Reached skill level 16 in Ranged Weapons
  9419 | D:10     | Entered Level 10 of the Dungeon
  9424 | D:10     | Found a staircase to the Lair.
  9561 | D:10     | Noticed a two-headed ogre
  9567 | D:10     | Killed a two-headed ogre
  9612 | D:10     | Reached **** piety under Hepliaklqana
  9775 | D:10     | Reached skill level 10 in Dodging
  9776 | D:10     | Noticed a tengu warrior
  9788 | D:10     | Noticed a rakshasa
  9790 | D:10     | Killed a tengu warrior
  9809 | D:10     | Killed a rakshasa
  9845 | D:10     | Noticed a cyclops
  9851 | D:10     | Killed a cyclops
  9852 | D:10     | Reached skill level 5 in Invocations
  9852 | D:10     | Reached XP level 12. HP: 65/65 MP: 9/15
  9854 | D:10     | Noticed a boulder beetle
  9863 | D:10     | Remembered your ancestor Cihuaton as a knight
  9869 | D:10     | Killed a boulder beetle
 10001 | D:10     | Noticed a swamp dragon
 10011 | D:10     | Killed a swamp dragon
 10231 | D:10     | Noticed a centaur warrior
 10240 | D:10     | Killed a centaur warrior
 10424 | D:10     | Found Faconose's Antique Weapon Boutique.
 10841 | D:1      | Bought faintly humming fire dragon scales for 1690 gold
                  | pieces
 10841 | D:1      | Identified the +1 fire dragon scales of Depression {rElec
                  | rF++ rC- Regen+ Str-4 SInv Stlth+} (You bought it in a shop
                  | on level 1 of the Dungeon)
 10841 | D:1      | Bought an ichor-stained cloak for 247 gold pieces
 10841 | D:1      | Identified the +1 cloak of Daugesar {Rampage} (You bought
                  | it in a shop on level 1 of the Dungeon)
 11060 | D:11     | Noticed a two-headed ogre
 11064 | D:11     | Killed a two-headed ogre
 11103 | D:11     | Reached skill level 10 in Fighting
 11471 | D:11     | Noticed a boulder beetle
 11488 | D:11     | Killed a boulder beetle
 11683 | D:11     | Reached skill level 17 in Ranged Weapons
 12099 | D:11     | Reached ***** piety under Hepliaklqana
 12371 | D:11     | Noticed Nergalle
 12377 | D:11     | Killed Nergalle
 12380 | D:11     | Reached XP level 13. HP: 66/73 MP: 15/19
 12505 | D:11     | Noticed Erolcha
 12509 | D:11     | Killed Erolcha
 13004 | D:12     | Reached skill level 18 in Ranged Weapons
 13326 | D:12     | Found a staircase to the Orcish Mines.
 13830 | D:12     | Found Tuet's Antique Weapon Shop.
 13835 | D:12     | Bought a runed shortbow for 222 gold pieces
 13981 | Lair:1   | Entered Level 1 of the Lair of Beasts
 14229 | Lair:1   | HP: 3/73 [poisoned by a cane toad]
 14230 | Lair:1   | HP: 1/73 [cane toad (11)]
 14230 | Lair:1   | Slain by a wolf

Illustrated notes

Levels and vault maps discovered:
D:1:      lightli_arrival_isolated_outpost, layout_loops_ring, serial_shops,
          nicolae_shop_crystal, nicolae_square_shop, shop,
          nicolae_shop_bloodbath_and_beyond, hangedman_decor_lopped,
          minmay_misc_feat_room
D:2:      cheibrodos_pilgrimage, layout_basic, basic_altar
D:3:      layout_rooms, uniq_ijyb, uniq_jessica
D:4:      layout_cave_pools, nzn_hepliaklqana_mist_gate,
          chequers_temple_overflow_minitemple
D:5:      layout_basic, hex_tiny, grunt_decor_mini_mirrors
D:6:      layout_rooms, temple_fountains, kennysheep_boxes, uniq_edmund,
          uniq_crazy_yiuf_cottage
D:7:      layout_cave_pools, marbit_many_paths, nicolae_overflow_crystal_walls
D:8:      lemuel_insect_pit, layout_basic, cheibrodos_worm_habitat,
          lemuel_doored_altar, enter_bailey_2, uniq_erica
D:9:      minmay_skewed_foursquare, layout_gridville,
          yredelemnul_forgotten_temple_becter, lemuel_tele_altar
D:10:     minmay_the_grid_3x2 [minmay_the_grid_minigrid_small_alt,
          minmay_the_grid_dragon_b, minmay_the_grid_aliased_spiral,
          minmay_the_grid_garden, minmay_the_grid_tree,
          minmay_the_grid_prize_trominoes], layout_basic, lair_entry_dummy,
          serial_shops, shop
D:11:     cheibrodos_orc_bank, layout_layer_cave, special_room
          [special_room_orc], uniq_nergalle, uniq_erolcha
D:12:     layout_irregular_city, hiddenorc2_lemuel, serial_shops, shop,
          minmay_misc_feat_square
Lair:1:   layout_long_grid, serial_bayou, serial_bayou_ford_a,
          serial_bayou_lagoon_a, serial_bayou_shore_b, serial_bayou_lake_a,
          serial_bayou_pond_d, serial_bayou_shore_b

Skill      XL: |  1  2  3  4  5  6  7  8  9 10 11 12 13 |
---------------+----------------------------------------+-----
Fighting       | 3 4 5 7 8 10 | 10.0
Ranged Weapons | 7 8 9 12 14 16 17 18 | 18.0
Dodging        | 6 10 | 10.0
Evocations     | 5 |  5.0
Armour         | 3 5 7 |  7.4
Invocations    | 5 8 |  8.0
Stealth        | |  1.3

Action                     |  1- 3 |  4- 6 |  7- 9 | 10-12 | 13-15 || total
---------------------------+-------+-------+-------+-------+-------++-------
   Fire: Shortbow          |    76 |   141 |   264 |   474 |   147 ||  1102
 Invoke: Recall Ancestor   |       |       |       |     1 |       ||     1
         Ancestor Life: Kn |       |       |       |     1 |       ||     1
  Evoke: Wand              |       |       |       |     3 |       ||     3
    Use: Scroll            |     6 |       |    17 |     5 |     1 ||    29
         Potion            |       |       |     1 |     4 |     3 ||     8
 Armour: Leather armour    |     8 |    17 |    19 |       |       ||    44
         Steam dragon scal |       |       |       |    13 |       ||    13
         Troll leather arm |       |       |       |     5 |       ||     5
         Fire dragon scale |       |       |       |    55 |    69 ||   124
  Dodge: Dodged            |    43 |    79 |   134 |   154 |    71 ||   481

Table legend: (Time is in decaauts)
 A = Elapsed time spent in this place.
 B = Non-inter-level travel time spent in this place.
 C = Inter-level travel time spent in this place.
 D = Time resting spent in this place.
 E = Time spent auto-exploring this place.
 F = Levels seen in this place.
 G = Mean time per level.
                   A        B        C        D        E       F      G
               +--------+--------+--------+--------+--------+-----+--------+
         Total |  14336 |  13413 |    923 |   2269 |   9011 |  13 | 1102.8 |
       Dungeon |  14198 |  13276 |    922 |   2269 |   8945 |  12 | 1183.2 |
          Lair |    138 |    138 |      0 |      0 |     66 |   1 |  138.0 |
               +--------+--------+--------+--------+--------+-----+--------+

Top non-repeatable levels by time:
     D:2: 2194 daAuts
    D:11: 1936 daAuts
    D:10: 1379 daAuts
     D:9: 1310 daAuts
     D:8: 1155 daAuts
     D:4: 1050 daAuts
     D:1: 1018 daAuts
     D:5: 1015 daAuts
    D:12: 1010 daAuts
     D:7: 933 daAuts
     D:3: 666 daAuts
     D:6: 525 daAuts
  Lair:1: 138 daAuts
